 Dungeon Crawl Stone Soup version 0.23.2-1-ga50397a (webtiles) character file.

Game seed: 12603961645650731483

49 c14n the Stinger (level 3, -7/27 HPs)
             Began as a Draconian Venom Mage on May 31, 2019.
             Killed from afar by an orc wizard (9 damage)
             ... with a magic dart
             ... on level 2 of the Dungeon.
             The game lasted 00:08:33 (1113 turns).

c14n the Stinger (Draconian Venom Mage)             Turns: 1113, Time: 00:08:34

Health: -7/27      AC:  5    Str: 11    XL:     3   Next: 51%
Magic:  0/6        EV: 17    Int: 15    God:
Gold:   44         SH:  0    Dex: 16    Spells: 5/6 levels left

rFire    . . .     SeeInvis .   f - +2 dagger (vamp)
rCold    . . .     Gourm    .   (no shield)
rNeg     . . .     Faith    .   (armour unavailable)
rPois    .         Spirit   .   (helmet restricted)
rElec    .         Reflect  .   (no cloak)
rCorr    .         Harm     .   (no gloves)
MR       .....                  (no boots)
Stlth    +++.......             (no amulet)
HPRegen  0.09/turn              (no ring)
MPRegen  0.10/turn              (no ring)

@: agile
A: unfitting armour, cold-blooded, AC +5
a: no special abilities


You were on level 2 of the Dungeon.
You were not hungry.

You visited 1 branch of the dungeon, and saw 2 of its levels.

You collected 44 gold pieces.

Inventory:

Hand Weapons
 f - a +2 vampiric dagger (weapon)
Missiles
 g - 71 stones (quivered)
Scrolls
 b - a scroll of teleportation {unknown}
 d - 2 scrolls of identify {unknown}
 k - a scroll of blinking {unknown}
Potions
 a - a potion of agility
 c - a potion of invisibility {unknown}
 e - a potion of heal wounds {unknown}
 h - a potion of flight {unknown}
 j - 2 potions of degeneration {unknown}


   Skills:
 * Level 0.8 Fighting
 * Level 0.4 Short Blades
 + Level 1.9 Dodging
 + Level 1.9 Stealth
 + Level 2.4 Spellcasting
 + Level 1.2 Conjurations
 + Level 3.8 Poison Magic


You had 5 spell levels left.
You knew the following spells:

 Your Spells              Type           Power        Failure   Level  Hunger
a - Sting                 Conj/Pois      #...         8%          1    #......

Your spell library contained the following spells:

 Spells                   Type           Power        Failure   Level  Hunger
 Poisonous Vapours        Pois/Air       #.....       14%         2    ###....
 Mephitic Cloud           Conj/Pois/Air  #.......     32%         3    ###....
 Olgreb's Toxic Radiance  Pois           ##......     41%         4    #####..
 Venom Bolt               Conj/Pois      #.........   91%         5    ######.


Dungeon Overview and Level Annotations

Branches:
Dungeon (2/15)

Altars:


Innate Abilities, Weirdness & Mutations

Your plain brown scales are hard. (AC +5)
You cannot fit into any form of body armour.
You are cold-blooded and may be slowed by cold attacks.


Message History

The orc priest looks satisfied for a moment.
The orc wizard casts a spell.
The orc wizard seems to speed up.
Casting: Sting (safe; 8% risk of failure)
Confirm with . or Enter, or press ? or * to list all spells.
Aiming: Sting (safe; 8% risk of failure)
Press: ? - help, Shift-Dir - straight line, f/p - orc wizard
Aim: an orc wizard, wielding a +0 dagger and wearing a +0 robe (severely wounded, fast, poisoned)
The sting hits the orc priest but does no damage.
The orc priest is poisoned.
The orc priest calls down the wrath of Beogh upon you.
Beogh smites you!
* * * LOW HITPOINT WARNING * * *
Okay, then.
It was a potion of agility.
You feel agile all of a sudden.
The orc wizard looks more healthy.
The orc wizard casts a spell at you. The magic dart hits you!
You die...

.... #.........##.# ....
#.........##.# .....
#.........##.#
..$#####.........##.######
.....##.................#
#...##..........#.####.#
#.).##..........#...
#...##..........#..#.#
#.....ooo.@..##.#### #
#............)....
#......)..)..#.####
#.........#..#.#
#....####.#..... ......#
#.#.##.## ###....# #.#..
..# #....# ..### .#


You could see an orc priest, an orc wizard and an orc.

Vanquished Creatures
  An orc priest (D:2)
  A dart slug (D:1)
  A giant cockroach (D:1)
  3 hobgoblins (D:1)
  2 bats (D:1)
  5 frilled lizards (D:1)
  3 goblins (D:1)
  4 kobolds
  A rat (D:1)
21 creatures vanquished.

Notes
Turn   | Place    | Note
-------+----------+-------------------------------------------
     0 | D:1      | c14n the Draconian Venom Mage began the quest for the Orb.
     0 | D:1      | Reached XP level 1. HP: 14/14 MP: 3/3
   204 | D:1      | Reached XP level 2. HP: 18/20 MP: 0/5
  1099 | D:2      | Reached XP level 3. HP: 27/27 MP: 1/6
  1113 | D:2      | Killed from afar by an orc wizard

Action                   || total
-------------------------++-------
Melee: Dagger            ||    23
       Tailslap          ||     2
 Cast: Sting             ||    32
  Use: Potion            ||     1
  Eat: Ration            ||     2
       Chunk             ||     1
Armor: Skin              ||    13
Dodge: Dodged            ||    18
